 Dungeon Crawl Stone Soup version 0.29-a0-355-g7276a9ff7f (webtiles) character file.

Game seed: 10198876877021264218

3 Enlil the Sneak (level 1, -10/13 HPs)
             Began as a Vampire Enchanter on Apr 25, 2022.
             Killed by an exploding bat (23 damage)
             ... ignited by their inner flame
             ... on level 1 of the Dungeon.
             The game lasted 00:00:30 (54 turns).

Enlil the Sneak (Vampire Enchanter)                   Turns: 54, Time: 00:00:31

Health: -10/13     AC:  2    Str:  7    XL:     1   Next: 41%
Magic:  3/3        EV: 12    Int: 17    God:
Gold:   29         SH:  0    Dex: 14    Spells: 4/4 levels left

rFire   . . .      SeeInvis +   a - +1 dagger
rCold   . . .      Faith    .   (no shield)
rNeg    . . .      Spirit   .   b - +0 robe
rPois   .          Reflect  .   (no helmet)
rElec   .          Harm     .   (no cloak)
rCorr   .          Rampage  .   (no gloves)
Will    .....                   (no boots)
Stlth   +++.......              (no amulet)
HPRegen 0.24/turn               (no ring)
MPRegen 0.08/turn               (no ring)

@: healing quickly
A: alive, fangs 3, see invisible, vampiric 1
a: Exsanguinate


You were on level 1 of the Dungeon.
You visited 1 branch of the dungeon, and saw 1 of its levels.

You collected 29 gold pieces.

Inventory:

Hand Weapons
 a - a +1 dagger (weapon)
Armour
 b - a +0 robe (worn)
Potions
 c - 2 potions of invisibility


   Skills:
 + Level 1.2 Short Blades
 + Level 2.2 Dodging
 + Level 4.5 Stealth
 + Level 2.0 Spellcasting
 + Level 4.4 Hexes


You had 4 spell levels left.
You didn't know any spells.
Your spell library contained the following spells:

 Spells                   Type           Power      Damage    Failure   Level
 Confusing Touch          Hex            17%        N/A       9%          3
 Tukima's Dance           Hex            17%        N/A       9%          3
 Ensorcelled Hibernation  Hex/Ice        18%        N/A       12%         2
 Dazzling Flash           Conj/Hex       18%        N/A       22%         3


Dungeon Overview and Level Annotations

Branches:
Dungeon (1/15)

Altars:


Innate Abilities, Weirdness & Mutations

Your natural rate of healing is accelerated.
You have razor-sharp teeth.
You have supernaturally acute eyesight. (SInv)
You are afflicted with vampirism.


Message History

A rat comes into view.
A bat comes into view.
The rat bites you but does no damage.
The bat moves out of view.
Things that are here:
a +0 whip; 3 stones; a kobold corpse You hit the rat.
You kill the rat!
You hit the rat.
You kill the rat!
You closely miss the frilled lizard.
The frilled lizard bites you but does no damage.
You hit the frilled lizard.
The frilled lizard is heavily wounded.
The frilled lizard misses you.
You barely miss the frilled lizard.
The frilled lizard is heavily wounded.
The frilled lizard closely misses you.
You hit the frilled lizard.
You kill the frilled lizard!
d - a scroll labelled QABLATZ YRUCUT
As you read the scroll labelled QABLATZ YRUCUT, it crumbles to dust.
The creatures around you are filled with an inner flame!
It was a scroll of immolation.
Things that are here:
a +0 whip; 3 stones; a kobold corpse
Found 12 gold pieces.
Found 17 gold pieces.
You see here 12 gold pieces.
You now have 12 gold pieces.
Found a robe.
You see here 17 gold pieces.
You now have 29 gold pieces (gained 17).
You see here a +0 robe.
An endoplasm comes into view.
Found 5 gold pieces.
You hit the bat.
The bat explodes!
The fiery explosion engulfs you!!
Ouch! That really hurt!
You die...

.## ### #.'......
...$..# #.#♣♣♣..#
#.##.##.# #[#≈≈≈♣.>
#. .
..#...#.###.##≈≈≈♣#
J.. .
.........##.#######
..##.
.....#...).......#
.....
##§§##..##.##.##.#
##..###§.§....##.# #
..#.....#@§##...##..
............#..######
.#...#.......##
##.##[#...#.#
#.......##.##.#
#######.......#
###..#...# #.#####.#
##. #


There were no monsters in sight!

Vanquished Creatures
  A kobold (D:1)
  A bat (D:1)
  A frilled lizard (D:1)
  2 rats (D:1)
5 creatures vanquished.

Notes
Turn   | Place    | Note
-------+----------+-------------------------------------------
     0 | D:1      | Enlil the Vampire Enchanter began the quest for the Orb.
     0 | D:1      | Reached XP level 1. HP: 13/13 MP: 3/3
    54 | D:1      | Killed by an exploding bat... ignited by their inner flame

Illustrated notes

Levels and vault maps discovered:
D:1:      saegor_arrival_simple_d, layout_loops_cross, chequers_jeans,
          hangedman_decor_clover_reticule, minmay_rat_gold_closets

Action                   || total
-------------------------++-------
Melee: Dagger            ||    10
  Use: Scroll            ||     1
Armor: Robe              ||     2
Dodge: Dodged            ||     3

Table legend: (Time is in decaauts)
 A = Elapsed time spent in this place.
 B = Non-inter-level travel time spent in this place.
 C = Inter-level travel time spent in this place.
 D = Time resting spent in this place.
 E = Time spent auto-exploring this place.
 F = Levels seen in this place.
 G = Mean time per level.
                   A        B        C        D        E       F      G
               +--------+--------+--------+--------+--------+-----+--------+
         Total |     54 |     54 |      0 |      0 |     12 |   1 |   54.0 |
       Dungeon |     54 |     54 |      0 |      0 |     12 |   1 |   54.0 |
               +--------+--------+--------+--------+--------+-----+--------+

Top non-repeatable levels by time:
     D:1: 54 daAuts
